 Dungeon Crawl Stone Soup version 0.30-a0-772-g5528072125 (webtiles) character file.

Game seed: 15792151390454425014

7239 holysushi the Prestidigitator (level 11, -17/83 HPs)
             Began as a Gnoll Artificer on Feb 13, 2023.
             Was an Initiate of Gozag.
             Demolished by a two-headed ogre
             ... wielding a +0 giant club
              (26 damage)
             ... on level 9 of the Dungeon.
             The game lasted 00:16:46 (11082 turns).

holysushi the Prestidigitator (Gnoll Artificer)    Turns: 11082, Time: 00:16:47

Health: -17/83     AC: 11    Str: 15    XL:     11   Next: 12%
Magic:  20/20      EV: 14    Int: 11    God:    Gozag
Gold:   1822       SH:  0    Dex: 16    Spells: 22/22 levels left

rFire   . . .      SeeInvis +    P - +16 obsidian axe {drain, demonic, Mesm Drain Fly SInv}
rCold   . . .      Faith    .    (no shield)
rNeg    . . .      Spirit   .    I - +0 ring mail of Feasting {Slay+5}
rPois   +          Reflect  .    (no helmet)
rElec   .          Harm     .    r - scarf {repulsion}
rCorr   .          Rampage  .    H - +0 pair of gloves {Str+3}
Will    .....                    y - +2 pair of boots
Stlth   +++                      (no amulet)
HPRegen 0.33/turn                i - ring of poison resistance
MPRegen 0.17/turn                t - ring of wizardry

@: flying, mesmerised, slowed, repel missiles, very slow
A: fangs 1, strong nose, distributed training
a: Renounce Religion, Potion Petition, Call Merchant, Bribe Branch


You were on level 9 of the Dungeon.
You worshipped Gozag.
Gozag was most pleased with you.
You visited 2 branches of the dungeon, and saw 10 of its levels.
You also visited: Ossuary and Bailey.

You collected 2909 gold pieces.
You spent 493 gold pieces at shops.
You paid 594 gold pieces to Gozag.

Inventory:

Hand Weapons
 a - a +7 flail
 b - a +0 sling
 z - a +0 morningstar
 D - a +0 club
 P - the +16 obsidian axe (weapon) {drain, demonic, Mesm Drain Fly SInv}
   (You acquired it in a bailey)

   Mesm:      Its wielder is mesmerised by any visible foes, and it cannot be
   unequipped while any foes are visible.
   SInv:      It lets you see invisible.
   Fly:       It grants you flight.
   Drain:     It drains your maximum health when unequipped.
Missiles
 o - 2 throwing nets
 A - 6 silver javelins
Armour
 r - a scarf of repulsion (worn)
 s - the +2 pair of boots "Ratad" {*Slow Will+ Regen+}
   (You bought it in a shop on level 6 of the Dungeon)

   Regen:     It increases your rate of health regeneration.
   *Slow:     It may slow you when you take damage.
   Will:      It increases your willpower.
 x - a +0 cloak
 y - a +2 pair of boots (worn)
 F - a +3 leather armour of cold resistance
 H - a +0 pair of gloves of strength (worn)
 I - the +0 ring mail of Feasting (worn) {Slay+5}
   (You bought it in a shop on level 6 of the Dungeon)

   Slay:      It affects your accuracy & damage with ranged weapons and melee
   (+5).
Jewellery
 i - a ring of poison resistance (left hand)
 t - a ring of wizardry (right hand)
Wands
 c - a wand of flame (7) (quivered)
 d - a wand of charming (32)
 e - a wand of iceblast (13)
 C - a wand of mindburst (7)
 E - a wand of acid (13)
Scrolls
 g - a scroll of magic mapping
 h - 2 scrolls of butterflies
 k - 6 scrolls of teleportation
 q - 5 scrolls of identify
 u - a scroll of enchant armour
 K - a scroll of acquirement
 Q - a scroll of blinking
Potions
 f - a potion of might
 j - 7 potions of heal wounds
 l - 2 potions of attraction
 m - a potion of invisibility
 n - a potion of magic {unknown}
 p - a potion of brilliance {unknown}
 v - a potion of curing {unknown}
 w - 2 potions of haste
 B - a potion of lignification {unknown}
 G - a potion of ambrosia {unknown}
 J - a potion of mutation {unknown}
 L - 3 potions of degeneration {unknown}
Miscellaneous
 N - a lightning rod (4/4)
 O - a phantom mirror


   Skills:
 + Level 6.8 Fighting
 + Level 6.2 Short Blades
 + Level 6.2 Long Blades
 + Level 6.2 Axes
 + Level 6.2 Maces & Flails
 + Level 6.2 Polearms
 + Level 6.2 Staves
 + Level 6.2 Ranged Weapons
 + Level 6.2 Throwing
 + Level 7.8 Armour
 + Level 6.8 Dodging
 + Level 6.7 Stealth
 + Level 6.2 Shields
 + Level 6.2 Unarmed Combat
 + Level 6.2 Spellcasting
 + Level 5.1 Conjurations
 + Level 5.1 Hexes
 + Level 5.1 Summonings
 + Level 5.1 Necromancy
 + Level 5.1 Translocations
 + Level 5.1 Transmutations
 + Level 5.1 Fire Magic
 + Level 5.1 Ice Magic
 + Level 5.1 Air Magic
 + Level 5.1 Earth Magic
 + Level 5.1 Poison Magic
 + Level 6.8 Invocations
 + Level 9.1 Evocations


You had 22 spell levels left.
You didn't know any spells.
Your spell library contained the following spells:

 Spells                   Type           Power      Damage    Failure   Level
 Necrotise                Necr           56%        1d6       1%          1
 Static Discharge         Conj/Air       28%        2-4/arc   2%          2
 Summon Guardian Golem    Hex/Summ       14%        N/A       4%          3
 Vampiric Draining        Necr           14%        2d7       4%          3
 Vhi's Electric Charge    Tloc/Air       28%        N/A       4%          3
 Agony                    Necr           14%        N/A       41%         5
 Arcjolt                  Conj/Air       7%         1d17      41%         5
 Lightning Bolt           Conj/Air       7%         1d19      41%         5
 Orb of Destruction       Conj           7%         9d6       100%        7
 Spellforged Servitor     Conj/Summ      7%         N/A       100%        7


Dungeon Overview and Level Annotations

Branches:
Dungeon (9/15) Zot: 26731  Temple (1/1) D:5 Zot: 5950    Lair (0/5) D:8
Ossuary (visited)          Bailey (visited)
    Orc: D:9-12

Altars:
Ashenzari
Cheibriados
Dithmenos
Elyvilon
Fedhas
Gozag
Hepliaklqana
Kikubaaqudgha
Makhleb
Nemelex Xobeh
Okawaru
Qazlal
Ru
Sif Muna
Trog
Uskayaw
Vehumet
Wu Jian
Xom
Yredelemnul
Zin
The Shining One

Shops:
D:6 [

Annotations:
D:3 exclusion: 2 downstairs


Innate Abilities, Weirdness & Mutations

You have very sharp teeth.
Your uncanny sense of smell can sniff out nearby items.
Your experience applies equally to all skills.


Message History

You are poisoned.
You slice the hornet!! You drain the hornet. Your bite misses the hornet.
The hornet is almost dead.
You feel very sick. The hornet barely misses you. The hornet stings you!
* * * LOW HITPOINT WARNING * * *
You feel as though you will be slow longer.
The hornet misses you.
You barely miss the hornet.
The hornet is almost dead.
You feel sick.
The hornet stings you but does no damage.
The hornet barely misses you.
You closely miss the hornet.
The hornet is almost dead.
You barely miss the two-headed ogre.
Visions of slaying the two-headed ogre flood into your mind.
You feel sick. The hornet completely misses you. The hornet stings you.
* * * LOW HITPOINT WARNING * * *
The two-headed ogre hits you but does no damage.
The two-headed ogre misses you. The hornet stings you.
* * * LOW HITPOINT WARNING * * *
You feel as though you will be slow longer.
Blink to where?
Press: ? - help, Dir - move target You cannot blink away from the two-headed ogre!
Blink to where?
Press: ? - help, Dir - move target, f - you
Okay, then.
Unknown command.
Aiming: Charm
Press: ? - help, Shift-Dir - straight line, f - two-headed ogre
Aim: a two-headed ogre, wielding two +0 giant clubs (mesmerising, chance to affect: 52%)
The two-headed ogre resists with significant effort.
You feel sick.
You are no longer poisoned.
The hornet closely misses you. x2; The two-headed ogre closely misses you.
The two-headed ogre hits you with a +0 giant club!!
You die...
Your body crumbles into a pile of gold.

# .. #....'....#.# #
##. #..###....#.. #
.# #..########.. #
#.###............ #
#.......####### #
#...........#######
#
∆#.#....####.?......
... ..
+................
### #
#....####@O......
#....# #.y......
#....# #........
#.... #........
#..?..... #
##....... + .......
# ....... #


You could see a two-headed ogre (mesmerising) and a hornet (drained).

Vanquished Creatures
  2 two-headed ogres
  Pikel (D:5)
  An orc knight (Bailey)
  A komodo dragon (D:8)
  A wraith (D:9)
  A wyvern (D:8)
  3 yaks (D:9)
  A steam dragon (D:6)
  Duvessa (D:6)
  A water moccasin (D:7)
  9 orc warriors
  An ice beast (D:8)
  2 phantoms
  3 centaurs
  A kobold brigand (D:8)
  2 elf zombies (Ossuary)
  4 necrophages
  A gnoll sergeant (D:7)
  2 bullfrogs
  4 scorpions
  Dowan (D:6)
  5 killer bees (D:9)
  2 howler monkeys (D:8)
  A crimson imp (D:6)
  2 centaur zombies (Ossuary)
  3 jellies
  2 hounds
  3 human zombies (Ossuary)
  6 orc priests
  2 iguanas (D:5)
  Ijyb (D:4)
  6 orc wizards
  2 mummies (Ossuary)
  8 adders
  4 gnolls (D:7)
  3 shadow imps
  A white imp (D:5)
  An adder zombie (Ossuary)
  2 worms (D:3)
  2 dart slugs
  52 orcs
  5 ball pythons
  6 endoplasms
  2 giant cockroaches
  9 goblins
  7 hobgoblins
  11 jackals (D:1)
  7 quokkas
  5 bats
  A frilled lizard (D:2)
  A goblin zombie (Ossuary)
  9 hobgoblin zombies (Ossuary)
  A jackal zombie (Ossuary)
  21 kobolds
  11 kobold zombies (Ossuary)
  6 orc zombies (Ossuary)
  A rat (D:1)
  A rat zombie (Ossuary)
255 creatures vanquished.

Vanquished Creatures (collateral kills)
  Prince Ribbit (D:8)
  A killer bee (D:9)
  5 orcs
7 creatures vanquished.

Vanquished Creatures (others)
  A wyvern (D:4)
  2 orcs (D:6)
  6 plants (D:8)
9 creatures vanquished.

Grand Total: 271 creatures vanquished

Notes
Turn   | Place    | Note
-------+----------+-------------------------------------------
     0 | D:1      | holysushi the Gnoll Artificer began the quest for the Orb.
     0 | D:1      | Reached XP level 1. HP: 17/17 MP: 1/1
   251 | D:1      | Reached XP level 2. HP: 23/23 MP: 2/2
   696 | D:1      | Reached XP level 3. HP: 22/28 MP: 3/3
  1006 | D:1      | Reached skill level 1 in Invocations
  1563 | D:2      | Found a faded altar of an unknown god.
  1743 | D:2      | Reached skill level 1 in Short Blades
  1743 | D:2      | Reached skill level 1 in Long Blades
  1743 | D:2      | Reached skill level 1 in Axes
  1743 | D:2      | Reached skill level 1 in Maces & Flails
  1743 | D:2      | Reached skill level 1 in Polearms
  1743 | D:2      | Reached skill level 1 in Staves
  1743 | D:2      | Reached skill level 1 in Ranged Weapons
  1743 | D:2      | Reached skill level 1 in Throwing
  1743 | D:2      | Reached skill level 1 in Shields
  1743 | D:2      | Reached skill level 1 in Unarmed Combat
  1743 | D:2      | Reached skill level 1 in Spellcasting
  2343 | D:3      | Found an ornate altar of the Wu Jian Council.
  2386 | D:3      | Reached XP level 4. HP: 20/34 MP: 5/5
  2639 | D:3      | Found a glowing golden altar of the Shining One.
  2969 | D:3      | Reached skill level 1 in Conjurations
  2969 | D:3      | Reached skill level 1 in Hexes
  2969 | D:3      | Reached skill level 1 in Summonings
  2969 | D:3      | Reached skill level 1 in Necromancy
  2969 | D:3      | Reached skill level 1 in Translocations
  2969 | D:3      | Reached skill level 1 in Transmutations
  2969 | D:3      | Reached skill level 1 in Fire Magic
  2969 | D:3      | Reached skill level 1 in Ice Magic
  2969 | D:3      | Reached skill level 1 in Air Magic
  2969 | D:3      | Reached skill level 1 in Earth Magic
  2969 | D:3      | Reached skill level 1 in Poison Magic
  3131 | D:3      | Found a glowing silver altar of Zin.
  3132 | D:3      | Noticed an angel
  3143 | D:3      | Found a shimmering altar of Xom.
  3473 | D:4      | Noticed an ogre
  3705 | D:4      | Reached XP level 5. HP: 41/41 MP: 7/7
  4005 | D:4      | Noticed Ijyb
  4014 | D:4      | Killed Ijyb
  4016 | D:4      | Reached skill level 5 in Armour
  4016 | D:4      | Reached XP level 6. HP: 9/47 MP: 8/8
  4550 | D:4      | Noticed a wyvern
  4559 | D:4      | Reached skill level 7 in Evocations
  4559 | D:4      | Reached XP level 7. HP: 21/52 MP: 10/10
  5004 | D:5      | Entered Level 5 of the Dungeon
  5873 | D:5      | Found a staircase to the Ecumenical Temple.
  5920 | D:5      | Reached XP level 8. HP: 50/59 MP: 12/12
  5939 | Temple   | Entered the Ecumenical Temple
  5939 | Temple   | Found a transporter.
  5939 | Temple   | Found a transporter.
  5941 | Temple   | Found a transporter.
  5941 | Temple   | Found a transporter.
  5955 | Temple   | Became a worshipper of Gozag Ym Sagoz the Greedy
  6860 | D:6      | Found a broken altar of Ashenzari.
  7224 | D:6      | Noticed Pikel
  7225 | D:6      | Identified a scroll of acquirement
  7225 | D:6      | Acquired 1265 gold pieces
  7228 | D:6      | Bought a pair of ichor-stained boots for 180 gold pieces
  7228 | D:6      | Identified the +2 pair of boots "Ratad" {*Slow Will+
                  | Regen+} (You bought it in a shop on level 6 of the Dungeon)
  7228 | D:6      | Bought a pair of glowing gloves for 142 gold pieces
  7228 | D:6      | Bought an encrusted ring mail for 171 gold pieces
  7228 | D:6      | Identified the +0 ring mail of Feasting {Slay+5} (You
                  | bought it in a shop on level 6 of the Dungeon)
  7529 | D:5      | Found a staircase to the Ecumenical Temple.
  7538 | D:5      | Killed Pikel
  7539 | D:5      | Reached XP level 9. HP: 65/67 MP: 13/15
  7598 | D:6      | Reached skill level 5 in Fighting
  7598 | D:6      | Reached skill level 5 in Dodging
  7601 | D:6      | Noticed Duvessa
  7606 | D:6      | Noticed Dowan
  7620 | D:6      | Killed Duvessa
  7625 | D:6      | Killed Dowan
  7626 | D:6      | Reached skill level 5 in Stealth
  7831 | D:6      | Found a shadowy altar of Dithmenos.
  7910 | D:6      | Found a burning altar of Makhleb.
  7965 | D:6      | You fall into a shaft and drop 2 floors!
  7989 | D:8      | Noticed a two-headed ogre
  8001 | D:8      | Killed a two-headed ogre
  8002 | D:8      | Reached skill level 5 in Invocations
  8002 | D:8      | Reached skill level 8 in Evocations
  8089 | D:8      | Found a sand-covered staircase.
  8100 | Ossuary  | Entered an ossuary
  8393 | Ossuary  | Reached skill level 5 in Short Blades
  8393 | Ossuary  | Reached skill level 5 in Long Blades
  8393 | Ossuary  | Reached skill level 5 in Axes
  8393 | Ossuary  | Reached skill level 5 in Maces & Flails
  8393 | Ossuary  | Reached skill level 5 in Polearms
  8393 | Ossuary  | Reached skill level 5 in Staves
  8393 | Ossuary  | Reached skill level 5 in Ranged Weapons
  8393 | Ossuary  | Reached skill level 5 in Throwing
  8393 | Ossuary  | Reached skill level 5 in Shields
  8393 | Ossuary  | Reached skill level 5 in Unarmed Combat
  8393 | Ossuary  | Reached skill level 5 in Spellcasting
  8393 | Ossuary  | Reached XP level 10. HP: 61/76 MP: 17/17
  8993 | D:7      | Identified the +4 ring mail of the Slorg {rF+}
  9000 | D:7      | Found a flagged portal.
  9009 | Bailey   | Entered a bailey
  9300 | Bailey   | Noticed an orc knight
  9394 | Bailey   | Killed an orc knight
  9416 | Bailey   | Acquired the +16 obsidian axe {drain, demonic, Mesm Drain
                  | Fly SInv}
  9416 | Bailey   | Found the +16 obsidian axe {drain, demonic, Mesm Drain Fly
                  | SInv}
  9555 | D:7      | Noticed a two-headed ogre
  9561 | D:7      | Killed a two-headed ogre
 10007 | D:8      | Found a staircase to the Lair.
 10286 | D:8      | Found an iron altar of Okawaru.
 10286 | D:8      | Found a shimmering blue altar of Sif Muna.
 10598 | D:8      | Noticed Prince Ribbit
 10608 | D:8      | Killed Prince Ribbit
 10851 | D:9      | Reached skill level 9 in Evocations
 10875 | D:9      | Reached skill level 5 in Conjurations
 10875 | D:9      | Reached skill level 5 in Hexes
 10875 | D:9      | Reached skill level 5 in Summonings
 10875 | D:9      | Reached skill level 5 in Necromancy
 10875 | D:9      | Reached skill level 5 in Translocations
 10875 | D:9      | Reached skill level 5 in Transmutations
 10875 | D:9      | Reached skill level 5 in Fire Magic
 10875 | D:9      | Reached skill level 5 in Ice Magic
 10875 | D:9      | Reached skill level 5 in Air Magic
 10875 | D:9      | Reached skill level 5 in Earth Magic
 10875 | D:9      | Reached skill level 5 in Poison Magic
 10876 | D:9      | Reached XP level 11. HP: 83/83 MP: 18/20
 11075 | D:9      | Paralysed by a hornet for 3 turns
 11076 | D:9      | Noticed a two-headed ogre
 11082 | D:9      | Demolished by a two-headed ogre

Illustrated notes

Levels and vault maps discovered:
D:1:      kilobyte_arrival_exit_the_forest, layout_basic, hangedman_decor_push
D:2:      layout_loops_cross, dreamdust_ecumenical_altar_angels_and_demons,
          kennysheep_generic_room_6
D:3:      minmay_general_purpose_star, layout_rooms,
          grunt_temple_overflow_order_and_chaos_1,
          nicolae_overflow_crystal_walls, lemuel_tele_altar
D:4:      nicolae_BIG_FREAKIN_CUBE, layout_cave_pods, minmay_divided_ellipse,
          uniq_ijyb
D:5:      minmay_diamond_boxcup, layout_layer_cave,
          minmay_temple_entry_antechambers, grunt_ministairs_5
D:6:      layout_cave_pods, kennysheep_mini, makhleb_grotto_becter,
          kennysheep_little_box, uniq_pikel, uniq_duvessa
D:7:      layout_rooms, enter_bailey_8
D:8:      layout_basic, gammafunk_temple_overflow_pools, david_lair_shrubbed,
          special_room [special_room_orc], enter_ossuary_1,
          minmay_unpleasant_kobolds, uniq_prince_ribbit1
D:9:      layout_basic, uniq_joseph, uniq_harold
Temple:   hellmonk_temple_divided_pantheon

Skill      XL: |  1  2  3  4  5  6  7  8  9 10 |
---------------+-------------------------------+-----
Invocations    | 1 2 3 4 5 6 |  6.8
Short Blades   | 1 2 3 4 5 6 |  6.2
Long Blades    | 1 2 3 4 5 6 |  6.2
Axes           | 1 2 3 4 5 6 |  6.2
Maces & Flails | 1 2 3 4 5 6 |  6.2
Polearms       | 1 2 3 4 5 6 |  6.2
Staves         | 1 2 3 4 5 6 |  6.2
Ranged Weapons | 1 2 3 4 5 6 |  6.2
Throwing       | 1 2 3 4 5 6 |  6.2
Shields        | 1 2 3 4 5 6 |  6.2
Unarmed Combat | 1 2 3 4 5 6 |  6.2
Spellcasting   | 1 2 3 4 5 6 |  6.2
Conjurations   | 1 2 3 4 5 |  5.1
Hexes          | 1 2 3 4 5 |  5.1
Summonings     | 1 2 3 4 5 |  5.1
Necromancy     | 1 2 3 4 5 |  5.1
Translocations | 1 2 3 4 5 |  5.1
Transmutations | 1 2 3 4 5 |  5.1
Fire Magic     | 1 2 3 4 5 |  5.1
Ice Magic      | 1 2 3 4 5 |  5.1
Air Magic      | 1 2 3 4 5 |  5.1
Earth Magic    | 1 2 3 4 5 |  5.1
Poison Magic   | 1 2 3 4 5 |  5.1
Fighting       | 3 4 5 6 |  6.8
Dodging        | 3 4 5 6 |  6.8
Armour         | 5 6 7 |  7.8
Stealth        | 3 4 5 6 |  6.7
Evocations     | 7 8 9 |  9.1

Action                     |  1- 3 |  4- 6 |  7- 9 | 10-12 || total
---------------------------+-------+-------+-------+-------++-------
  Melee: Club              |   224 |    43 |       |       ||   267
         Bite              |    15 |     8 |    30 |    11 ||    64
         Punch             |     2 |     1 |    11 |     6 ||    20
         Flail             |       |    62 |   285 |    89 ||   436
         Broad axe         |       |       |       |    75 ||    75
   Fire: Sling             |     3 |    98 |       |       ||   101
 Invoke: Call Merchant     |       |       |     1 |       ||     1
  Evoke: Wand              |     1 |    10 |     8 |     6 ||    25
         Lightning rod     |       |       |       |     1 ||     1
    Use: Scroll            |       |       |    17 |     5 ||    22
   Stab: Sleeping          |     2 |       |     5 |     2 ||     9
         Distracted        |     1 |       |       |     3 ||     4
 Armour: Leather armour    |    50 |    67 |    69 |       ||   186
         Ring mail         |       |       |    95 |    76 ||   171
  Dodge: Dodged            |   180 |   104 |   248 |   200 ||   732
         Repelled          |       |       |     1 |     1 ||     2

Table legend: (Time is in decaauts)
 A = Elapsed time spent in this place.
 B = Non-inter-level travel time spent in this place.
 C = Inter-level travel time spent in this place.
 D = Time resting spent in this place.
 E = Time spent auto-exploring this place.
 F = Levels seen in this place.
 G = Mean time per level.
                   A        B        C        D        E       F      G
               +--------+--------+--------+--------+--------+-----+--------+
         Total |  11313 |  10784 |    529 |   1633 |   6325 |  12 |  942.8 |
       Dungeon |  10326 |   9797 |    529 |   1494 |   5984 |   9 | 1147.3 |
        Temple |     49 |     49 |      0 |      0 |      2 |   1 |   49.0 |
       Ossuary |    507 |    507 |      0 |      0 |    237 |   1 |  507.0 |
        Bailey |    429 |    429 |      0 |    139 |    102 |   1 |  429.0 |
               +--------+--------+--------+--------+--------+-----+--------+

Top non-repeatable levels by time:
     D:5: 2066 daAuts
     D:4: 1545 daAuts
     D:8: 1364 daAuts
     D:1: 1338 daAuts
     D:3: 1258 daAuts
     D:2: 1044 daAuts
     D:6: 921 daAuts
     D:7: 521 daAuts
 Ossuary: 507 daAuts
  Bailey: 429 daAuts
     D:9: 266 daAuts
  Temple: 49 daAuts
